Map: Port Aleksander LE

Players

Nerchio - Winner!

  • Race: Zerg Zerg
  • Spawn Location: 11:00

Namshar

  • Race: Zerg Zerg
  • Spawn Location: 5:00

Event: 2019 WCS Spring

VOD

Have the link to the VOD?

Description

Time

  • Played on: May 17, 2019, 3:20 p.m.
  • Length: 8:48

All games in this series

Show
View Real Time Build Order
Export as new Build Order

Nerchio Zerg - Winner!

Build Orders: Hatch First 

Get SALT Encoding   

  12  0:00  Drone  
  13  0:12  Overlord  
  13  0:18  Drone  
  14  0:30  Drone x2  
  16  0:49  Hatchery  
  15  0:53  Drone  
  15  0:56  Drone  
  17  1:00  Drone  
  18  1:11  Extractor  
  17  1:16  Spawning Pool  
  16  1:20  Drone  
  16  1:23  Drone  
  18  1:28  Drone  
  19  1:38  Drone  
  20  1:49  Overlord  
  20  2:03  Queen x2  
  20  2:04  Zergling x4  
  26  2:10  Metabolic Boost  
  26  2:13  Drone  
  27  2:17  Drone  
  27  2:21  Drone  
  29  2:23  Drone  
  30  2:38  Evolution Chamber  
  29  2:46  Hatchery  
  29  2:49  Drone  
  29  2:51  Drone  
  29  2:55  Drone  
  31  3:00  Overlord  
  31  3:08  Zerg Ground Armor Level 1  
  31  3:12  Drone  
  32  3:13  Drone  
  32  3:16  Drone  
  34  3:24  Zergling x6  
  34  3:26  Zergling x2  
  38  3:32  Baneling Nest  
  38  3:33  Zergling x2  
  38  3:36  Zergling x2  
  38  3:39  Zergling x2  
  38  3:40  Zergling x2  
  41  3:52  Zergling x6  
  41  3:53  Zergling x4  
  43  3:57  Drone  
  43  3:58  Drone  
  43  3:59  Drone  
  43  4:01  Drone  
  46  4:05  Drone  
  46  4:06  Drone  
  46  4:09  Overlord  
  48  4:15  Drone x2  
  50  4:22  Drone  
  49  4:27  Queen  
  49  4:29  Drone x4  
  55  4:32  Drone  
  55  4:36  Zergling x2  
  55  4:38  Overlord  
  57  4:46  Overlord  
  57  4:57  Zergling x14  
  57  4:58  Roach Warren  
  63  5:00  Zergling x4  
  63  5:05  Zergling x2  
  63  5:06  Zergling x6  
  68  5:07  Zergling x2  
  68  5:15  Baneling  
  68  5:16  Baneling x9  
  68  5:18  Zergling x2  
  68  5:19  Zergling x4  
  71  5:22  Overlord  
  71  5:26  Extractor  
  70  5:35  Drone x3  
  73  5:37  Lair  
  73  5:38  Overlord  
  72  5:45  Drone x8  
  72  5:48  Drone  
  76  5:50  Drone  
  73  6:01  Drone x2  
  73  6:02  Drone x4  
  73  6:03  Drone x2  
  80  6:05  Extractor x2  
  80  6:07  Extractor  
  80  6:09  Roach  
  79  6:17  Roach x3  
  85  6:21  Overlord x2  
  85  6:22  Overlord  
  85  6:25  Roach x2  
  88  6:29  Overlord  
  88  6:38  Glial Reconstitution  
  87  6:42  Roach  
  87  6:43  Roach x4  
  96  6:54  Drone x6  
  97  6:55  Drone x2  
  97  6:56  Drone  
  104  7:08  Roach  
  104  7:09  Roach x3  
  104  7:11  Roach  
  104  7:15  Roach x2  
  116  7:17  Overlord, Hatchery  
  116  7:21  Roach x2  
  117  7:25  Roach x2  
  117  7:26  Overlord  
  117  7:28  Overlord  
  118  7:38  Roach x3  
  118  7:39  Roach x2  
  118  7:41  Roach  
  118  7:42  Overlord  
  130  7:44  Overlord  
  130  7:45  Extractor  
  129  7:53  Roach  
  129  7:54  Roach x4  
  139  8:01  Roach  
  139  8:02  Roach x4  
  147  8:07  Roach  
  147  8:08  Roach x2  
  147  8:12  Roach x2  
  148  8:15  Roach  
  146  8:20  Roach  
  146  8:22  Roach x3  
  146  8:23  Roach  
  146  8:25  Roach x2  
  146  8:26  Roach  
Show
View Real Time Build Order
Export as new Build Order

Namshar Zerg 

Build Orders: Hatch First 

Get SALT Encoding   

  12  0:00  Drone  
  13  0:12  Overlord  
  13  0:17  Drone  
  14  0:31  Drone x2  
  16  0:48  Hatchery  
  15  0:52  Drone  
  15  0:55  Drone  
  17  0:59  Drone  
  18  1:09  Extractor  
  17  1:15  Spawning Pool  
  16  1:18  Drone  
  16  1:21  Drone  
  18  1:28  Drone  
  19  1:39  Drone  
  20  1:50  Drone  
  21  2:01  Queen x2  
  21  2:02  Overlord, Zergling x2  
  26  2:10  Metabolic Boost  
  26  2:12  Drone  
  26  2:13  Drone  
  28  2:22  Drone x2  
  30  2:33  Drone x2  
  32  2:40  Queen  
  34  2:47  Hatchery  
  33  2:51  Overlord  
  33  2:54  Zergling x2  
  33  2:57  Zergling x2  
  35  3:04  Baneling Nest  
  34  3:11  Zergling x10  
  39  3:24  Drone  
  39  3:25  Overlord, Zergling x2  
  40  3:28  Drone x2  
  40  3:33  Drone  
  43  3:48  Drone  
  43  3:50  Zergling x4  
  43  3:51  Drone  
  43  3:52  Drone  
  46  3:58  Baneling x2, Zergling x4  
  46  4:00  Drone x4  
  50  4:07  Drone  
  51  4:13  Evolution Chamber  
  51  4:15  Drone  
  51  4:16  Drone x2  
  53  4:18  Baneling x2  
  52  4:27  Roach Warren  
  52  4:28  Drone x6  
  57  4:34  Overlord  
  57  4:39  Lair  
  57  4:42  Extractor  
  57  4:43  Drone  
  57  4:44  Extractor  
  56  4:48  Overlord  
  56  4:49  Drone  
  56  4:52  Zerg Missile Weapons Level 1  
  57  4:55  Drone  
  57  4:56  Drone x5  
  62  5:07  Baneling  
  62  5:08  Drone  
  62  5:09  Drone x7  
  69  5:16  Extractor  
  69  5:17  Overlord x2, Extractor  
  69  5:18  Drone  
  69  5:19  Roach  
  70  5:22  Roach  
  70  5:24  Overlord  
  72  5:28  Baneling x2  
  72  5:36  Roach x4  
  72  5:39  Baneling  
  72  5:40  Baneling  
  79  5:45  Roach x2  
  79  5:48  Roach, Zergling x2  
  79  5:49  Zergling x8  
  80  5:53  Roach, Zergling x2  
  70  5:58  Queen  
  70  6:02  Roach  
  71  6:14  Nydus Network  
  70  6:21  Drone x6  
  70  6:22  Drone x2  
  77  6:27  Overlord  
  77  6:36  Overseer  
  77  6:38  Queen  
  79  6:43  Roach x4  
  87  6:49  Baneling x2  
  87  6:56  Roach  
  87  6:57  Roach x3  
  87  7:00  Glial Reconstitution  
  93  7:05  Overlord  
  93  7:16  Nydus Canal  
  93  7:19  Roach x5  
  99  7:30  Roach x6  
  107  7:40  Roach x3  
  109  7:47  Roach x2  
  109  7:51  Nydus Canal  
  113  7:52  Overlord x2  
  113  8:05  Nydus Canal  
  111  8:09  Roach x4  
  107  8:16  Roach x2  
  107  8:20  Nydus Canal  
  107  8:21  Roach  
Tags
 
Add a new tag
Caveats
  • Supply blocks, unpowered buildings, or Contaminate may cause inaccurate times.
  • Supply counts are checked every 10 seconds.